 Dungeon Crawl Stone Soup version 0.29-a0-474-gdfe5cd140f (webtiles) character file.

Game seed: 286797481586475196

161 siradein the Skirmisher (level 5, 0/42 HPs)
             Began as a Mummy Fighter on May 24, 2022.
             Slain by Robin
             ... wielding a +1 vorpal trident
              (1 damage)
             ... on level 3 of the Dungeon.
             The game lasted 00:07:17 (2918 turns).

siradein the Skirmisher (Mummy Fighter)             Turns: 2918, Time: 00:07:17

Health: 0/42       AC:  9    Str: 19    XL:     5   Next: 19%
Magic:  5/5        EV:  7    Int:  9    God:
Gold:   128        SH:  4    Dex: 12    Spells: 4/4 levels left

rFire   . . .      SeeInvis .   a - +0 flail
rCold   + + .      Faith    .   c - +0 buckler
rNeg    + + +      Spirit   .   d - +0 chain mail
rPois   ∞          Reflect  .   (no helmet)
rElec   .          Harm     .   m - scarf {rC+ rF+}
rCorr   .          Rampage  .   (no gloves)
Will    .....                   (no boots)
Stlth   ..........              (no amulet)
HPRegen 0.14/turn               (no ring)
MPRegen 0.09/turn               (no ring)

@: no status effects
A: cold resistance 1, negative energy resistance 3, torment resistance 2, heat
vulnerability 1, in touch with death 1, no potions
a: no special abilities


You were on level 3 of the Dungeon.
You visited 1 branch of the dungeon, and saw 3 of its levels.

You collected 128 gold pieces.

Inventory:

Hand Weapons
 a - a +0 flail (weapon)
Missiles
 o - 3 poisoned darts (quivered)
Armour
 c - a +0 buckler (worn)
 d - a +0 chain mail (worn)
 m - a scarf of resistance (worn)
 p - a +2 cloak
Scrolls
 b - a scroll of enchant weapon {unknown}
 e - 2 scrolls of identify {unknown}
 f - a scroll of magic mapping {unknown}
 g - a scroll of teleportation {unknown}
 h - a scroll of fog {unknown}
 i - a scroll of amnesia {unknown}
 j - 2 scrolls of noise {unknown}
 k - a scroll of silence {unknown}
 l - a scroll of fear {unknown}
 n - a scroll of immolation {unknown}


   Skills:
 + Level 3.8 Fighting
 + Level 2.6 Maces & Flails
 + Level 3.2 Armour
 + Level 3.2 Shields


You had 4 spell levels left.
You didn't know any spells.
Your spell library was empty.

Dungeon Overview and Level Annotations

Branches:
Dungeon (3/15)

Altars:

Annotations:
D:3 Robin


Innate Abilities, Weirdness & Mutations

You are immune to poison.
Your flesh is cold resistant. (rC+)
You are immune to negative energy. (rN+++)
You are immune to unholy pain and torment.
You are vulnerable to heat. (rF-)
You are in touch with the powers of death.
You do not drink.


Message History

Robin hits you but does no damage.
You hit Robin.
Robin is moderately wounded.
Robin hits you but does no damage.
You hit Robin.
Robin is heavily wounded.
You block Robin's attack.
Robin hits you with a +1 vorpal trident!
You closely miss Robin.
Robin is heavily wounded.
Robin hits you with a +1 vorpal trident.
You hit Robin.
Robin is severely wounded.
Robin hits you but does no damage.
You closely miss Robin.
Robin is severely wounded.
Robin hits you with a +1 vorpal trident.
Robin says, "My goblins will feast on your bones."
Robin hits you with a +1 vorpal trident!
* * * LOW HITPOINT WARNING * * *
x2 You are too injured to fight recklessly!
You are too injured to fight recklessly!
You are too injured to fight recklessly!
You closely miss Robin.
Robin is severely wounded.
Robin hits you with a +1 vorpal trident.
* * * LOW HITPOINT WARNING * * *
x2 You hit Robin but do no damage.
Robin is severely wounded.
Robin hits you with a +1 vorpal trident.
* * * LOW HITPOINT WARNING * * *
x2 You barely miss Robin.
Robin is severely wounded.
Robin hits you but does no damage.
You hit Robin.
Robin is almost dead.
Robin says, "Bow before me, strongest of all the hobgoblins!"
Robin hits you with a +1 vorpal trident.
* * * LOW HITPOINT WARNING * * *
You die...

......###########.###...##.# #...
##..#.##...................# #...
#...#.##.......##.##.#..######...
#.#.#.##.......##.##.#..##g......
......##..........##.#ggg).g.....
......##.......#......g###.......
#.######.......#.###.### ####....
.....# #........g.)..# #....
#.##.# #########@##### #....
#.##.### #.# #.... #.....<####
#.# #g.P# ####.#.)..######)#
########..#. .....#..#......)<#
#.......#.P. ######....########
#.#.###..... #.#.## #.>.........
#...# #.#......... #####
#.#..##...#.


You could see Robin.

Vanquished Creatures
  An iguana (D:3)
  4 gnolls
  3 adders (D:2)
  A worm (D:2)
  2 dart slugs
  An orc (D:3)
  8 ball pythons (D:1)
  6 endoplasms
  2 giant cockroaches (D:3)
  12 goblins
  5 hobgoblins
  2 quokkas (D:3)
  5 bats
  2 frilled lizards
  3 kobolds
  5 rats
62 creatures vanquished.

Vanquished Creatures (others)
  A plant (D:3)
1 creature vanquished.

Grand Total: 63 creatures vanquished

Notes
Turn   | Place    | Note
-------+----------+-------------------------------------------
     0 | D:1      | siradein the Mummy Fighter began the quest for the Orb.
     0 | D:1      | Reached XP level 1. HP: 18/18 MP: 1/1
   175 | D:1      | Reached XP level 2. HP: 24/24 MP: 2/2
   770 | D:2      | Gained mutation: You are in touch with the powers of death.
                  | [Mummy growth]
   770 | D:2      | Reached XP level 3. HP: 24/29 MP: 3/3
  1661 | D:3      | Reached XP level 4. HP: 34/35 MP: 4/4
  2391 | D:3      | Noticed Robin
  2421 | D:3      | Reached XP level 5. HP: 37/42 MP: 5/5
  2918 | D:3      | HP: 1/42 [Robin/+1 vorpal trident (3)]
  2918 | D:3      | Slain by Robin

Illustrated notes

Levels and vault maps discovered:
D:1:      saegor_arrival_simple_e, layout_basic, st_stairs_1
D:2:      layout_basic
D:3:      cheibrodos_old_hovel, layout_loops_cross,
          shapermc_ecumenical_altar_mp_urbaneastern, uniq_robin

Skill      XL: |  1  2  3  4 |
---------------+-------------+-----
Maces & Flails | 2 |  2.6
Armour         | 3 |  3.2
Shields        | 3 |  3.2
Fighting       | |  3.8

Action                   |  1- 3 |  4- 6 || total
-------------------------+-------+-------++-------
Melee: Flail             |   128 |    97 ||   225
Armor: Scale mail        |     6 |       ||     6
       Chain mail        |    69 |    71 ||   140
Dodge: Dodged            |    62 |    42 ||   104
Block: Buckler           |    38 |    25 ||    63

Table legend: (Time is in decaauts)
 A = Elapsed time spent in this place.
 B = Non-inter-level travel time spent in this place.
 C = Inter-level travel time spent in this place.
 D = Time resting spent in this place.
 E = Time spent auto-exploring this place.
 F = Levels seen in this place.
 G = Mean time per level.
                   A        B        C        D        E       F      G
               +--------+--------+--------+--------+--------+-----+--------+
         Total |   2998 |   2979 |     19 |    654 |   1568 |   3 |  999.3 |
       Dungeon |   2998 |   2979 |     19 |    654 |   1568 |   3 |  999.3 |
               +--------+--------+--------+--------+--------+-----+--------+

Top non-repeatable levels by time:
     D:2: 1637 daAuts
     D:3: 688 daAuts
     D:1: 671 daAuts
